 Dungeon Crawl Stone Soup version 0.21-a0-227-g58a7c62 (webtiles) character file.

240 Gorglomux the Ducker (level 6, -1/48 HPs)
             Began as a Gnoll Transmuter on Aug 30, 2017.
             Slain by a crimson imp (3 damage)
             ... on level 5 of the Dungeon.
             The game lasted 00:07:14 (4080 turns).

Gorglomux the Ducker (Gnoll Transmuter)             Turns: 4080, Time: 00:07:15

Health: -1/48      AC:  2    Str:  7    XL:     6   Next: 8%
Magic:  4/10       EV: 20    Int:  7    God:
Gold:   151        SH:  0    Dex:  7    Spells: 5/11 levels left

rFire    . . .     SeeInvis .     - Unarmed
rCold    . . .     Gourm    .   (shield currently unavailable)
rNeg     . . .     Faith    .   (armour currently unavailable)
rPois    .         Spirit   .   (helmet currently unavailable)
rElec    .         Reflect  .   (cloak currently unavailable)
rCorr    .         Harm     .   (gloves currently unavailable)
MR       .....                  (boots currently unavailable)
Stlth    +.........             (no amulet)
HPRegen  0.16/turn              o - ring of poison resistance (curse)
MPRegen  0.12/turn              (no ring)

@: spider-form, very slightly contaminated
A: unchanging attributes, strong nose
a: End Transformation


You were on level 5 of the Dungeon.
You were hungry.
You were a venomous arachnid creature.
You visited 1 branch of the dungeon, and saw 6 of its levels.

You collected 151 gold pieces.

Inventory:

Missiles
 a - 9 arrows
Armour
 b - a +0 robe (melded)
 U - a +0 cloak (melded)
Jewellery
 o - a cursed ring of poison resistance (left front leg)
Scrolls
 F - 2 scrolls of amnesia {unknown}
 G - 3 scrolls of teleportation {unknown}
 K - 2 scrolls of recharging {unknown}
 L - a scroll of fog {unknown}
 R - a scroll of identify
 S - a scroll of noise {unknown}
 T - a scroll of immolation {unknown}
 V - 2 scrolls of remove curse {unknown}
 W - a scroll of magic mapping {unknown}
Potions
 C - a potion of cancellation
 H - a potion of resistance
 J - a potion of ambrosia
 Q - 3 potions of curing
Books
 c - a book of Changes

   Spells                             Type                      Level
   a - Beastly Appendage              Transmutation                1
   b - Sticks to Snakes               Transmutation                2
   c - Spider Form                    Transmutation/Poison         3
   d - Ice Form                       Ice/Transmutation            4
   e - Blade Hands                    Transmutation                5
Comestibles
 d - 4 bread rations
 z - 2 meat rations
 X - 2 chunks of flesh


   Skills:
 + Level 4.2 Fighting
 + Level 4.9 Dodging
 - Level 4.0 Unarmed Combat
 - Level 3.0 Spellcasting
 - Level 4.5 Transmutations
 - Level 3.0 Poison Magic


You had 5 spell levels left.
You knew the following spells:

 Your Spells              Type           Power        Failure   Level  Hunger
a - Beastly Appendage     Tmut           #.....       16%         1    ##.....
b - Sticks to Snakes      Tmut           #.......     21%         2    ###....
c - Spider Form           Tmut/Pois      #.........   43%         3    ####...


Dungeon Overview and Level Annotations

Branches:
Dungeon (6/15)
 Temple: D:4-7

Altars:
Ashenzari
Cheibriados
Gozag
Makhleb
Nemelex Xobeh
Okawaru
Trog


Innate Abilities, Weirdness & Mutations

Your physical attributes are unchanging.
((You have very sharp teeth.))
Your uncanny sense of smell can sniff out nearby items.


Message History

The crimson imp blinks!!!
Butt maul the orc but do no damage!
The orc is poisoned!
The orc completely misses you!
You maul the orc!
You annihilate the orc!!!
You closely miss something!
You hear some butt, mumbled words!
A puff of flame appears from out of thin air!!!
The puff of flame hits you!!! * * * don't die
* * * The crimson imp blinks!!!
You closely miss something!
You maul the orc but do no damage!
The butt is poisoned!
You hear butt strange, mumbled words!
A puff of frost appears from out of thin air!!!
The puff of frost hits you!!! * * * don't die
* * * The crimson imp misses you!
Something hits you but does no damage! The crimson imp hits you! rip

##...##
###.#.#.#### #
#........(.# .#
##.#.#.#.##.####.##
#...#.............#
∆
.....#.......#..##
#..#.###.#......
#.>.....s5...###
#....#.o.#.$..#
#.####.o.####.# #..
##)## .#
..............# .
..#####.......##
#.. #..[....# #.
+..._...+ #.......#


You could see a crimson imp and 2 orcs.

Vanquished Creatures
  A howler monkey (D:6)
  A worker ant (D:5)
  3 gnolls (D:2)
  5 adders
  3 oozes
  3 dart slugs
  A worm (D:2)
  4 leopard geckos
  3 orcs
  7 bats
  4 giant cockroaches (D:2)
  8 goblins
  8 hobgoblins
  3 jackals
  4 quokkas
  A ball python (D:1)
  3 frilled lizards
  8 kobolds
  10 rats
80 creatures vanquished.

Vanquished Creatures (collateral kills)
  2 jackals (D:1)
2 creatures vanquished.

Vanquished Creatures (others)
  A wizard (D:3)
1 creature vanquished.

Grand Total: 83 creatures vanquished

Notes
Turn   | Place    | Note
-------+----------+-------------------------------------------
     0 | D:1      | Gorglomux the Gnoll Transmuter began the quest for the Orb.
     0 | D:1      | Reached XP level 1. HP: 15/15 MP: 4/4
     7 | D:1      | Reached skill level 3 in Transmutations
   364 | D:1      | Reached XP level 2. HP: 21/21 MP: 6/6
   438 | D:1      | HP: 1/21 [hobgoblin/club (2)]
   454 | D:1      | Learned a level 2 spell: Sticks to Snakes
  1329 | D:1      | Reached XP level 3. HP: 16/26 MP: 5/7
  1349 | D:1      | Learned a level 3 spell: Spider Form
  1390 | D:1      | Reached skill level 1 in Poison Magic
  1477 | D:2      | Found a bloodstained altar of Trog.
  2358 | D:2      | Reached XP level 4. HP: 24/32 MP: 3/8
  2448 | D:2      | Reached skill level 3 in Poison Magic
  2508 | D:2      | Reached skill level 3 in Dodging
  3012 | D:2      | Reached XP level 5. HP: 39/39 MP: 5/9
  3187 | D:3      | Reached skill level 3 in Fighting
  3197 | D:3      | Found an iron altar of Okawaru.
  3197 | D:3      | Found a burning altar of Makhleb.
  3502 | D:3      | Found a bloodstained altar of Trog.
  3503 | D:3      | Noticed a wizard
  3508 | D:3      | Killed a wizard
  3734 | D:3      | Found a sparkling altar of Nemelex Xobeh.
  3959 | D:4      | You fall through a shaft for 2 floors!
  3959 | D:6      | Found a snail-covered altar of Cheibriados.
  3961 | D:6      | Found an opulent altar of Gozag.
  4009 | D:6      | Noticed an ice beast
  4014 | D:5      | Entered Level 5 of the Dungeon
  4028 | D:5      | Reached XP level 6. HP: 20/48 MP: 4/10
  4066 | D:5      | Found a shattered altar of Ashenzari.
  4078 | D:5      | HP: 1/48 [something/puff of frost (8)]
  4080 | D:5      | Slain by a crimson imp

Vault maps used:
D:1:      erik_arrival_gehennom
D:2:      first_bread, trog_butcher_becter
D:3:      lemuel_crystal_altar, gammafunk_temple_overflow_pools, trog_wizard
D:4:      wad_river_or_something
D:5:      evilmike_ruin_ashenzari, gup_sewer_entry_bowl,
          okawaru_altar_gauntlet_db
D:6:      yredelemnul_altar_generic, nicolae_overflow_hidden_temple

Skill      XL: |  1  2  3  4  5 |
---------------+----------------+-----
Transmutations | 3 4 |  4.5
Poison Magic   | 2 3 |  3.0
Dodging        | 3 4 |  4.9
Fighting       | 2 4 |  4.2
Unarmed Combat | |  4.0
Spellcasting   | |  3.0

Action                   |  1- 3 |  4- 6 || total
-------------------------+-------+-------++-------
Melee: Unarmed           |   125 |   145 ||   270
       Bite              |     2 |     5 ||     7
       Kick              |     3 |       ||     3
       Headbutt          |     2 |       ||     2
       Punch             |     1 |     1 ||     2
 Cast: Beastly Appendage |    11 |     1 ||    12
       Spider Form       |     6 |    30 ||    36
       Sticks to Snakes  |     3 |       ||     3
  Use: Scroll            |       |     4 ||     4
  Eat: Chunk             |     6 |    10 ||    16
Armor: Robe              |    26 |    17 ||    43
       Skin              |       |     7 ||     7
Dodge: Dodged            |   102 |   102 ||   204

Table legend:
 A = Spawn XP
 B = Non-spawn XP
 C = Spawn XP percentage of total XP
 D = Spawn monster count
 E = Non-spawn monster count
 F = Spawn count percentage of total count
 G = Total turns spent on level
                    A         B        C        D         E        F      G
               +---------+---------+-------+---------+---------+-------+---------
         Total |      30 |     314 |   8.7 |      13 |      69 |  15.9 |  4080
               +---------+---------+-------+---------+---------+-------+---------
           D:1 |       5 |      57 |   8.1 |       4 |      22 |  15.4 |  1905
           D:2 |      20 |      83 |  19.4 |       7 |      22 |  24.1 |  1276
           D:3 |       5 |      69 |   6.8 |       2 |      19 |   9.5 |   701
           D:4 |       0 |       1 |   0.0 |       0 |       1 |   0.0 |    77
           D:5 |       0 |      50 |   0.0 |       0 |       3 |   0.0 |    66
           D:6 |       0 |      54 |   0.0 |       0 |       2 |   0.0 |    55
               +---------+---------+-------+---------+---------+-------+---------
